 Dungeon Crawl Stone Soup version 0.26.1-11-gd32895ea62 (webtiles) character file.

Game seed: 3539771238987976671

13001 Amplified the Fighter (level 12, -28/102 HPs)
             Began as a Barachi Fighter on Apr 14, 2021.
             Was an Elder of Makhleb.
             Killed from afar by an ice dragon (39 damage)
             ... with a blast of cold
             ... in an ice cave.
             The game lasted 00:16:52 (11327 turns).

Amplified the Fighter (Barachi Fighter)            Turns: 11327, Time: 00:16:53

Health: -28/102    AC: 17    Str: 27    XL:     12   Next: 1%
Magic:  14/14      EV: 18    Int: 12    God:    Makhleb [****..]
Gold:   819        SH: 13    Dex: 13    Spells: 11/11 levels left

rFire    + . .     SeeInvis +   a - +0 war axe
rCold    . . .     Faith    .   c - +0 kite shield
rNeg     . . .     Spirit   .   p - +7 leather armour of Honesty {rElec rCorr SInv}
rPois    .         Reflect  .   l - +0 helmet
rElec    +         Harm     .   n - +0 cloak
rCorr    +         Rampage  .   o - +0 pair of gloves
Will     .....                  q - +2 pair of boots
Stlth    +.........             (no amulet)
HPRegen  0.27/turn              u - ring "Gout" {*Drain rElec rF+ Str+9 Slay+4}
MPRegen  0.14/turn              y - +4 ring of evasion

@: slow
A: +LOS, swims, slowness 1, strong legs 1
a: Hop, Renounce Religion, Minor Destruction, Lesser Servant of Makhleb, Major
Destruction


You were in an ice cave.
You worshipped Makhleb.
Makhleb was greatly pleased with you.
You visited 2 branches of the dungeon, and saw 12 of its levels.
You also visited: Ice Cave.

You collected 819 gold pieces.

Inventory:

Hand Weapons
 a - a +0 war axe (weapon)
 x - a +3 whip of freezing
Missiles
 m - 3 throwing nets
 r - 45 poisoned darts (quivered)
Armour
 b - a +0 scale mail
 c - a +0 kite shield (worn)
 l - a +0 helmet (worn)
 n - a +0 cloak (worn)
 o - a +0 pair of gloves (worn)
 p - the +7 leather armour of Honesty (worn) {rElec rCorr SInv}
   (You found it on level 4 of the Dungeon)

   It insulates you from electricity.
   It lets you see invisible.
   It provides partial protection from all sources of acid and corrosion.
 q - a +2 pair of boots (worn)
Jewellery
 d - a +6 ring of dexterity
 u - the ring "Gout" (left hand) {*Drain rElec rF+ Str+9 Slay+4}
   (You acquired it on level 11 of the Dungeon)

   [ring of protection from fire]

   It affects your strength (+9).
   It affects your accuracy and damage with ranged weapons and melee attacks
   (+4).
   It protects you from fire.
   It insulates you from electricity.
   It causes draining when unequipped.
 y - a +4 ring of evasion (right hand)
 E - an uncursed ring of resist corrosion
Wands
 h - a wand of digging (4)
 k - a wand of iceblast (3)
 w - a wand of random effects (19)
Scrolls
 e - 2 scrolls of identify
 f - a scroll of immolation
 i - 2 scrolls of amnesia
 j - 8 scrolls of remove curse
Potions
 s - 2 potions of cancellation
 t - a potion of mutation
 C - a potion of brilliance


   Skills:
 * Level 12.2 Fighting
 - Level 8.0(9.4) Axes
 * Level 8.0(9.4) Maces & Flails
 - Level 5.9 Armour
 - Level 5.4 Dodging
 * Level 11.3 Shields
 * Level 3.3 Invocations


You had 11 spell levels left.
You didn't know any spells.
Your spell library was empty.

Dungeon Overview and Level Annotations

Branches:
Dungeon (11/15)            Temple (1/1) D:5             Orc (0/2) D:9
  IceCv (1/1)
   Lair: D:8-11

Altars:
Ashenzari
Cheibriados
Elyvilon
Fedhas
Gozag
Hepliaklqana
Kikubaaqudgha
Makhleb
Okawaru
Qazlal
Ru
Sif Muna
Trog
Uskayaw
Vehumet
Wu Jian
Xom
Yredelemnul
Zin
The Shining One
Beogh

Annotations:
D:6 Hard
D:7 drops
D:10 Erolcha


Innate Abilities, Weirdness & Mutations

You can be seen from farther away. (+LOS)
You can swim through water.
You cover ground slowly.
You can hop short distances.


Message History

* * * LOW HITPOINT WARNING * * *
Your smoke demon gestures at the ice dragon.
The ball of steam hits the ice dragon!
Something bites your smoke demon!
Something closely misses your smoke demon.
Something tramples your smoke demon but does no damage.
Blink to where?
Press: ? - help, Dir - move target
There is a wall there.
Okay, then.
The ice dragon is engulfed in a cloud of scalding steam.
The ice dragon bites your smoke demon. The ice dragon claws your smoke demon.
Your smoke demon dies!
The ice dragon is engulfed in a cloud of scalding steam.
Blink to where?
Press: ? - help, Dir - move target
As you read the scroll of blinking, it crumbles to dust.
The ice dragon is engulfed in a cloud of scalding steam.
The ice dragon breathes frost at you. The blast of cold hits you!!!
You die...

########
####...D§.#
##....§.#§....#
#..@##.###......#
#####..###
.D....$ #...##.#
.....= ##.#....#
$..=$$ ##..###.##
$$$## ####..##
### ####
####....##
###......##
##...######


You could see an ice dragon (catching breath).

Vanquished Creatures
  Harold (D:8)
  A two-headed ogre (D:9)
  Pikel (D:6)
  A cyclops (D:8)
  Maurice (D:9)
  2 ice statues (IceCv)
  Joseph (D:7)
  Maggie (D:6)
  2 rime drakes (IceCv)
  2 trolls
  Prince Ribbit (D:6)
  Sigmund (D:3)
  A wraith (D:11)
  9 yaks (D:11)
  Edmund (D:4)
  An acid dragon (D:11)
  14 ice beasts (IceCv)
  5 orc warriors
  A sky beast (D:7)
  A necrophage (D:10)
  A black bear (D:10)
  4 phantoms
  8 ogres
  4 centaurs
  A lemure (D:6)
  A big kobold (D:10)
  6 bullfrogs
  2 wyvern skeletons
  4 scorpions
  6 killer bees
  13 wights
  4 howler monkeys
  A bullfrog zombie (D:10)
  2 quasits
  10 hounds
  Crazy Yiuf (D:2)
  A centaur skeleton (D:6)
  A jelly (D:10)
  6 orc wizards
  5 orc priests
  5 bullfrog skeletons
  Jessica (D:2)
  2 iguanas
  8 worker ants
  A hound skeleton (D:8)
  2 worker ant zombies (D:9)
  15 adders
  7 gnolls
  2 white imps
  An ufetubus (D:8)
  2 worms
  A dart slug (D:3)
  7 leopard geckos
  25 orcs
  7 bats
  4 giant cockroaches
  8 goblins
  5 hobgoblins
  8 jackals
  5 quokkas
  A ball python (D:2)
  5 frilled lizards
  A jackal zombie (D:6)
  15 kobolds
  2 leopard gecko skeletons
  A leopard gecko zombie (D:6)
  7 rats
277 creatures vanquished.

Vanquished Creatures (collateral kills)
  2 big kobolds (D:9)
  3 orcs
  A kobold (D:9)
6 creatures vanquished.

Vanquished Creatures (others)
  An orc wizard (D:9)
  12 fungi
  7 plants (D:10)
20 creatures vanquished.

Grand Total: 303 creatures vanquished

Notes
Turn   | Place    | Note
-------+----------+-------------------------------------------
     0 | D:1      | Amplified the Barachi Fighter began the quest for the Orb.
     0 | D:1      | Reached XP level 1. HP: 18/18 MP: 1/1
    39 | D:1      | You fall into a shaft and drop 1 floor!
    51 | D:2      | Reached XP level 2. HP: 24/25 MP: 2/2
   142 | D:2      | Noticed Jessica
   147 | D:2      | Killed Jessica
   148 | D:2      | Reached skill level 4 in Fighting
   148 | D:2      | Reached XP level 3. HP: 13/30 MP: 3/3
   619 | D:1      | Reached XP level 4. HP: 38/38 MP: 4/4
  2005 | D:2      | Found a runed translucent door.
  2006 | D:2      | Noticed Crazy Yiuf
  2013 | D:2      | Killed Crazy Yiuf
  2014 | D:2      | Reached XP level 5. HP: 27/43 MP: 5/5
  2158 | D:3      | Noticed Sigmund
  2161 | D:3      | Found a white marble altar of Elyvilon.
  2366 | D:4      | Got a jewelled leather armour
  2379 | D:4      | Identified the +7 leather armour of Honesty {rElec rCorr
                  | SInv} (You found it on level 4 of the Dungeon)
  2497 | D:4      | Noticed Edmund
  2525 | D:4      | Killed Edmund
  2526 | D:4      | Reached skill level 5 in Fighting
  2526 | D:4      | Reached XP level 6. HP: 51/51 MP: 6/6
  2828 | D:4      | Noticed a phantom
  2884 | D:4      | Killed a phantom
  2885 | D:4      | Reached skill level 5 in Shields
  3070 | D:4      | Reached XP level 7. HP: 57/57 MP: 7/7
  3186 | D:4      | Reached skill level 6 in Fighting
  3200 | D:4      | Reached skill level 5 in Axes
  3200 | D:4      | Reached skill level 5 in Armour
  3606 | D:3      | Killed Sigmund
  3607 | D:3      | Reached XP level 8. HP: 42/65 MP: 8/8
  3983 | D:5      | Entered Level 5 of the Dungeon
  4168 | D:5      | Reached skill level 7 in Fighting
  4477 | D:5      | Found a broken altar of Ashenzari.
  4626 | D:5      | Found a radiant altar of Vehumet.
  4812 | D:5      | Found a staircase to the Ecumenical Temple.
  4885 | Temple   | Entered the Ecumenical Temple
  5049 | Temple   | Became a worshipper of Makhleb the Destroyer
  5143 | D:6      | Noticed Maggie
  5165 | D:6      | Killed Maggie
  5166 | D:6      | Reached skill level 8 in Fighting
  5166 | D:6      | Reached skill level 1 in Dodging
  5166 | D:6      | Reached XP level 9. HP: 74/74 MP: 9/9
  5428 | D:6      | Noticed Prince Ribbit
  5460 | D:6      | Killed Prince Ribbit
  5461 | D:6      | Noticed Pikel
  5478 | D:6      | Killed Pikel
  5479 | D:6      | Reached skill level 9 in Fighting
  5833 | D:6      | Found an ancient bone altar of Kikubaaqudgha.
  5980 | D:6      | Reached skill level 1 in Maces & Flails
  6296 | D:7      | Reached XP level 10. HP: 72/83 MP: 10/10
  6325 | D:7      | Reached * piety under Makhleb
  6562 | D:7      | Noticed Joseph
  6592 | D:7      | Killed Joseph
  6698 | D:7      | Reached skill level 10 in Fighting
  7384 | D:8      | Noticed Harold
  7407 | D:8      | Killed Harold
  7614 | D:8      | Found a shimmering altar of Xom.
  7614 | D:8      | Found a shimmering altar of Xom.
  7617 | D:8      | Found a shimmering altar of Xom.
  7618 | D:8      | Found a shimmering altar of Xom.
  7619 | D:8      | Found a shimmering altar of Xom.
  7806 | D:8      | Reached skill level 5 in Maces & Flails
  8024 | D:8      | Noticed a cyclops
  8049 | D:8      | Killed a cyclops
  8169 | D:8      | Reached ** piety under Makhleb
  8515 | D:9      | Noticed Maurice
  8610 | D:9      | Noticed a two-headed ogre
  8650 | D:9      | Killed a two-headed ogre
  8651 | D:9      | Reached skill level 11 in Fighting
  8651 | D:9      | Reached skill level 5 in Dodging
  8651 | D:9      | Reached skill level 10 in Shields
  8651 | D:9      | Reached XP level 11. HP: 38/93 MP: 11/11
  8909 | D:10     | Entered Level 10 of the Dungeon
  9685 | D:10     | Noticed Erolcha
 10076 | D:9      | Killed Maurice
 10091 | D:9      | Reached *** piety under Makhleb
 10374 | D:9      | Found a roughly hewn altar of Beogh.
 10375 | D:9      | Found a staircase to the Orcish Mines.
 10404 | D:11     | Identified a scroll of acquirement
 10404 | D:11     | Acquired the ring "Gout" {*Drain rElec rF+ Str+9 Slay+4}
 10438 | D:11     | Reached skill level 1 in Invocations
 10760 | D:11     | Found a blossoming altar of Fedhas.
 10772 | D:11     | Found a frozen archway.
 10788 | IceCv    | Entered an ice cave
 10824 | IceCv    | Reached skill level 12 in Fighting
 10846 | IceCv    | Reached **** piety under Makhleb
 11297 | IceCv    | Reached XP level 12. HP: 102/102 MP: 14/14
 11319 | IceCv    | Noticed an ice dragon
 11323 | IceCv    | Noticed an ice dragon
 11327 | IceCv    | Killed from afar by an ice dragon

Illustrated notes

Levels and vault maps discovered:
D:1:      grunt_arrival_crossed_arrows, layout_loops_ring
D:2:      minmay_chambers_of_ones, layout_loops_ring, kennysheep_big_empty_room,
          uniq_jessica, uniq_crazy_yiuf_cottage
D:3:      layout_rooms, elyvilon_altar_5, uniq_sigmund
D:4:      layout_basic, uniq_edmund
D:5:      layout_cave_pools, old_standard_altar, temple_green, ashenzari_altar_1
D:6:      layout_rooms, kennysheep_mini_moat, uniq_prince_ribbit1, uniq_maggie,
          uniq_pikel
D:7:      layout_rooms, uniq_joseph
D:8:      minmay_skewed_foursquare, layout_basic, xom_redecorated, uniq_harold
D:9:      layout_gridville, grunt_dithmenos_smoke_and_mirrors,
          nemelex_xobeh_ov_fountains_minmay, david_orc_5,
          minmay_unpleasant_kobolds, uniq_maurice
D:10:     layout_layer_cave, grunt_lair_entry_orc_guard_hut,
          kennysheep_generic_room_3, uniq_erolcha
D:11:     layout_loops_ring, portal_ice_cave_entry_pillars_1, fedhas_altar_1
Temple:   regret_index_temple_sphere_string
IceCv:    ice_cave_small_dragons

Skill      XL: |  1  2  3  4  5  6  7  8  9 10 11 12 |
---------------+-------------------------------------+-----
Fighting       | 4 5 6 8 9 11 12 | 12.2
Axes           | 3 4 5 6 8 |  8.0
Armour         | 4 5 |  5.9
Shields        | 4 5 6 7 8 10 11 | 11.3
Dodging        | 1 3 5 |  5.4
Maces & Flails | 2 5 7 8 |  8.0
Invocations    | 3 |  3.3

Action                   |  1- 3 |  4- 6 |  7- 9 | 10-12 || total
-------------------------+-------+-------+-------+-------++-------
Melee: War axe           |    42 |   167 |   237 |    85 ||   531
       Whip              |       |       |   110 |   729 ||   839
Throw: Dart              |       |       |       |    10 ||    10
Invok: Lesser Servant of |       |       |       |     3 ||     3
 Abil: Hop               |       |     1 |     2 |     3 ||     6
Evoke: Wand              |       |       |     9 |    25 ||    34
  Use: Potion            |     2 |     5 |     3 |     5 ||    15
       Scroll            |       |     7 |     3 |    13 ||    23
 Stab: Paralysed         |       |       |    13 |       ||    13
       Sleeping          |       |       |     1 |       ||     1
Armor: Scale mail        |    24 |    43 |       |       ||    67
       Skin              |       |     9 |    23 |     7 ||    39
       Leather armour    |       |    30 |   152 |   123 ||   305
Dodge: Dodged            |    11 |    43 |   165 |   349 ||   568
Block: Kite shield       |    27 |    73 |   221 |   406 ||   727
